 Dungeon Crawl Stone Soup version 0.26-a0-1222-g14533b3512 (webtiles) character file.

Game seed: 17360923907439810889

(classic levelgen) 2175 EnegeticOcto the Cleaver (level 9, 23/81 HPs)
             Began as a Deep Dwarf Fighter on Dec 31, 2020.
             Quit the game on level 7 of the Dungeon.
             The game lasted 00:02:25 (2843 turns).

EnegeticOcto the Cleaver (Deep Dwarf Fighter)       Turns: 2843, Time: 00:02:25

Health: 23/81      AC: 15    Str: 23    XL:     9   Next: 11%
Magic:  0/0        EV:  5    Int:  9    God:
Gold:   315        SH: 11    Dex: 12    Spells: 8/8 levels left

rFire    . . .     SeeInvis .   a - +0 war axe
rCold    . . .     Faith    .   c - +0 kite shield
rNeg     . . .     Spirit   .   r - +0 plate armour
rPois    +         Reflect  .   (no helmet)
rElec    .         Harm     .   (no cloak)
rCorr    .         Rampage  .   (no gloves)
Will     +....                  o - +1 pair of boots
Stlth    ..........             (no amulet)
HPRegen  0.00/turn              s - ring of poison resistance
MPRegen  0.07/turn              (no ring)

@: non-regenerating
A: damage resistance, heal wounds, sense surroundings 2, no regeneration
a: Heal Wounds


You were on level 7 of the Dungeon.
You visited 1 branch of the dungeon, and saw 7 of its levels.

You collected 342 gold pieces.
You spent 27 gold pieces at shops.

Inventory:

Hand Weapons
 a - a +0 war axe (weapon)
Missiles
 j - 2 throwing nets
Armour
 c - a +0 kite shield (worn)
 o - a +1 pair of boots (worn)
 p - a +0 chain mail
 r - a +0 plate armour (worn)
Jewellery
 s - a ring of poison resistance (left hand)
 y - a cursed ring of attention {unknown}
Scrolls
 e - a scroll of enchant weapon {unknown}
 h - a scroll of magic mapping {unknown}
 i - 2 scrolls of remove curse {unknown}
 l - 2 scrolls of enchant armour {unknown}
 t - a scroll of immolation {unknown}
 u - a scroll of blinking {unknown}
 v - a scroll of fog {unknown}
 w - 2 scrolls of teleportation {unknown}
 x - a scroll of noise {unknown}
Potions
 b - a potion of mutation
 d - 3 potions of might {@q3}
 f - 2 potions of heal wounds {@q2}
 g - a potion of attraction
 k - a potion of invisibility
 m - a potion of lignification
 n - 2 potions of flight
 q - a potion of haste {unknown}
 z - a potion of curing {unknown}


   Skills:
 + Level 5.5 Fighting
 * Level 8.6 Axes
 + Level 6.7 Armour
 + Level 6.8 Shields


You had 8 spell levels left.
You didn't know any spells.
Your spell library was empty.

Dungeon Overview and Level Annotations

Branches:
Dungeon (7/15)             Temple (0/1) D:7

Altars:
Dithmenos
Elyvilon
Gozag
Hepliaklqana
Ru
Vehumet
Wu Jian
Yredelemnul

Shops:
D:6 *

Portals:
Sewer: D:3

Annotations:
D:5 2 transporters


Innate Abilities, Weirdness & Mutations

You are resistant to damage.
You can heal yourself by infusing magical energy.
You passively map the area around you.
You do not regenerate.


Message History

You are too injured to fight recklessly!
You are too injured to fight recklessly!
You are too injured to fight recklessly!
You are too injured to fight recklessly!
You are too injured to fight recklessly!
You are too injured to fight recklessly!
You are too injured to fight recklessly!
You are too injured to fight recklessly!
You are too injured to fight recklessly!
The orc warrior hits you but does no damage.
The orc wizard hits you but does no damage.
Your magical essence is drained by the effort!
You feel much better. You block the orc wizard's attack.
You block the orc warrior's attack.
You slash the orc wizard!
The orc wizard is almost dead.
You barely miss the orc warrior.
The orc wizard looks satisfied for a moment.
You completely miss the orc wizard.
The orc wizard is almost dead.
You closely miss the orc warrior.
The orc warrior hits you but does no damage.
The orc wizard casts a spell.
The orc wizard seems to speed up.
You closely miss the orc wizard.
The orc wizard is almost dead.
You closely miss the orc warrior.
The orc wizard hits you with a +0 dagger.
The orc warrior hits you but does no damage.
You block the orc wizard's attack.
You slice the orc wizard!!
You kill the orc wizard!
Your plate armour prevents you from hitting the orc warrior.
You block the orc warrior's attack.
You hit the orc warrior.
The orc warrior is lightly wounded.
The orc warrior hits you but does no damage.
You closely miss the orc warrior.
The orc warrior is lightly wounded.
The orc warrior hits you with a +0 halberd!
You closely miss the orc warrior.
The orc warrior is lightly wounded.
You block the orc warrior's attack.
You slash the orc warrior!
The orc warrior is moderately wounded.
The orc warrior hits you but does no damage.
You closely miss the orc warrior.
The orc warrior is moderately wounded.
You block the orc warrior's attack.
You hit the orc warrior.
The orc warrior is moderately wounded.
The orc warrior hits you with a +0 halberd!
You hit the orc warrior.
The orc warrior is heavily wounded.
You block the orc warrior's attack.
You slash the orc warrior!
The orc warrior is almost dead.
The orc warrior hits you but does no damage.
You barely miss the orc warrior.
The orc warrior is severely wounded.
The orc warrior hits you with a +0 halberd.
You closely miss the orc warrior.
The orc warrior is severely wounded.
The orc warrior barely misses you.
You barely miss the orc warrior.
The orc warrior is severely wounded.
The orc warrior hits you with a +0 halberd!!
* * * LOW HITPOINT WARNING * * *
You are too injured to fight recklessly!
You are too injured to fight recklessly!
Your magical essence is drained by the effort!
You feel much better.
You hit the orc warrior.
The orc warrior is almost dead.
The orc warrior hits you but does no damage.
You hit the orc warrior but do no damage.
The orc warrior is almost dead.
The orc warrior hits you with a +0 halberd!
* * * LOW HITPOINT WARNING * * *
You are too injured to fight recklessly!
You are too injured to fight recklessly!
You are too injured to fight recklessly!
You are too injured to fight recklessly!
You are too injured to fight recklessly!
You are too injured to fight recklessly!
You barely miss the orc warrior.
The orc warrior is almost dead.
The orc warrior barely misses you.
Your plate armour prevents you from hitting the orc warrior.
The orc warrior is almost dead.
The orc warrior barely misses you.
You slash the orc warrior!
You kill the orc warrior!
Things that are here:
a +0 halberd; a +0 plate armour
Found a stone staircase leading down.
(D) Dungeon (T) Temple
Where to? (Enter - D:7, ? - help)
Okay, then.
Are you sure you want to abandon this character and quit the game? (Confirm with "yes".)

## ##...# * ...... ,* #
#...### * ..... ,,
#..)..## ...#, , #
#....).### #..#### ###
#........##......., ..#
#.................. ,, *
....#...................
.#.....########.........
,, ..#..## #.@......# *
# .#.* #.........* *, #
* #......... * # *,
#.>......., ,** * ,
...#####.. , # * #..##
*# , .. ..## ,, >. **
... * .. , * ,


There were no monsters in sight!

Vanquished Creatures
  Joseph (D:7)
  An orc warrior (D:7)
  A sky beast (D:7)
  An ice beast (D:5)
  2 phantoms
  A black bear (D:7)
  2 centaurs
  2 bullfrogs
  2 scorpions (D:5)
  A bullfrog zombie (D:5)
  A centaur skeleton (D:4)
  2 hounds
  A jelly (D:5)
  6 orc wizards
  2 orc priests
  3 iguanas
  6 worker ants
  A killer bee zombie (D:7)
  A hound zombie (D:6)
  10 adders
  8 gnolls
  A shadow imp (D:5)
  2 white imps
  An ufetubus (D:5)
  An ooze (D:3)
  An adder skeleton (D:5)
  A worm (D:5)
  2 leopard geckos
  14 orcs
  6 giant cockroaches
  4 goblins
  5 jackals
  4 quokkas
  3 ball pythons
  2 bats (D:1)
  3 frilled lizards
  3 kobolds
  A leopard gecko skeleton (D:5)
  A quokka skeleton (D:6)
  8 rats
118 creatures vanquished.

Notes
Turn   | Place    | Note
-------+----------+-------------------------------------------
     0 | D:1      | EnegeticOcto the Deep Dwarf Fighter began the quest for the
                  | Orb.
     0 | D:1      | Reached XP level 1. HP: 20/20 MP: 1/1
   253 | D:2      | Reached XP level 2. HP: 20/27 MP: 2/2
   391 | D:2      | Reached skill level 3 in Axes
   439 | D:3      | Reached XP level 3. HP: 29/30 MP: 3/3
   459 | D:3      | Found a faded altar of an unknown god.
   589 | D:3      | Found a glowing drain.
   714 | D:4      | Reached XP level 4. HP: 30/42 MP: 4/4
   778 | D:4      | Reached skill level 4 in Axes
   778 | D:4      | Reached XP level 5. HP: 32/49 MP: 4/4
   901 | D:4      | Reached XP level 6. HP: 29/56 MP: 2/2
  1130 | D:4      | Reached skill level 5 in Axes
  1138 | D:4      | Found a shadowy altar of Dithmenos.
  1287 | D:5      | Entered Level 5 of the Dungeon
  1361 | D:5      | Reached XP level 7. HP: 59/64 MP: 3/3
  1364 | D:5      | Reached skill level 5 in Armour
  1364 | D:5      | Reached skill level 5 in Shields
  1386 | D:5      | Reached skill level 6 in Axes
  1657 | D:5      | Found a hazy altar of Hepliaklqana.
  1659 | D:5      | Found a white marble altar of Elyvilon.
  1697 | D:5      | Reached XP level 8. HP: 31/73 MP: 3/3
  1699 | D:5      | Found a radiant altar of Vehumet.
  1699 | D:5      | Found a transporter.
  1699 | D:5      | Noticed a two-headed ogre
  1717 | D:5      | Found a transporter.
  1909 | D:6      | Found Lanetaif's Assorted Antiques.
  1924 | D:6      | Reached skill level 7 in Axes
  1926 | D:6      | Bought a scroll labelled LUETUF SUENTA for 27 gold pieces
  1947 | D:6      | Found an ornate altar of the Wu Jian Council.
  2226 | D:6      | Reached skill level 5 in Fighting
  2504 | D:7      | Noticed Joseph
  2532 | D:7      | Killed Joseph
  2533 | D:7      | Reached skill level 8 in Axes
  2571 | D:7      | Gained mutation: You passively map the area around you.
                  | [Deep Dwarf growth]
  2571 | D:7      | Reached XP level 9. HP: 54/81 MP: 2/2
  2576 | D:7      | Found a basalt altar of Yredelemnul.
  2579 | D:7      | Found a sacrificial altar of Ru.
  2586 | D:7      | Found an opulent altar of Gozag.
  2699 | D:7      | Found a staircase to the Ecumenical Temple.
  2843 | D:7      | Quit the game

Illustrated notes

Levels and vault maps discovered:
D:1:      minmay_arrival_arboretum_small, layout_loops_ring
D:2:      layout_loops_ring
D:3:      minmay_recursive_quarters, layout_basic, portal_sewer_entry_b,
          chequers_ecumenical_altar_simple_redux
D:4:      layout_cave_pools, grunt_dithmenos_shadows
D:5:      layout_cave_pools, gammafunk_temple_overflow_arena,
          grunt_temple_overflow_open, minmay_statues_item,
          minmay_fractal_squares_5
D:6:      layout_cave_pools, lemuel_crystal_altar, serial_shops,
          nicolae_shop_temple_entry_statues_fountains
D:7:      layout_layer_cave, minmay_overflow_temple_star_quad,
          minmay_temple_entry_arrows, uniq_joseph

Skill      XL: |  1  2  3  4  5  6  7  8 |
---------------+-------------------------+-----
Axes           | 3 4 5 6 8 |  8.6
Fighting       | 3 4 5 |  5.5
Shields        | 4 5 6 |  6.8
Armour         | 4 5 6 |  6.7

Action                   |  1- 3 |  4- 6 |  7- 9 || total
-------------------------+-------+-------+-------++-------
Melee: War axe           |    88 |   185 |   250 ||   523
 Abil: Heal Wounds       |     1 |     8 |    10 ||    19
  Use: Scroll            |       |     4 |     2 ||     6
Armor: Scale mail        |    47 |    59 |       ||   106
       Chain mail        |       |    59 |    81 ||   140
       Plate armour      |       |       |    93 ||    93
Dodge: Dodged            |    37 |    66 |    50 ||   153
Block: Kite shield       |    38 |   105 |   137 ||   280

Table legend: (Time is in decaauts)
 A = Elapsed time spent in this place.
 B = Non-inter-level travel time spent in this place.
 C = Inter-level travel time spent in this place.
 D = Time resting spent in this place.
 E = Time spent auto-exploring this place.
 F = Levels seen in this place.
 G = Mean time per level.
                   A        B        C        D        E       F      G
               +--------+--------+--------+--------+--------+-----+--------+
         Total |   2990 |   2878 |    112 |      0 |   1821 |   7 |  427.1 |
       Dungeon |   2990 |   2878 |    112 |      0 |   1821 |   7 |  427.1 |
               +--------+--------+--------+--------+--------+-----+--------+

Top non-repeatable levels by time:
     D:5: 646 daAuts
     D:4: 635 daAuts
     D:6: 571 daAuts
     D:7: 402 daAuts
     D:3: 288 daAuts
     D:2: 223 daAuts
     D:1: 222 daAuts
